Map: Acid Plant LE

Players

Serral

  • Race: Zerg Zerg
  • Spawn Location: 5:00

Reynor - Winner!

  • Race: Zerg Zerg
  • Spawn Location: 11:00

Event: WCS Montreal 2018

VOD

Have the link to the VOD?

Description

Time

  • Played on: Sept. 9, 2018, 5:07 p.m.
  • Length: 8:36

All games in this series

Show
View Real Time Build Order
Export as new Build Order

Serral Zerg 

Build Orders: Hatch First 

Get SALT Encoding   

  12  0:00  Drone  
  13  0:12  Overlord  
  13  0:17  Drone  
  14  0:30  Drone x2  
  16  0:48  Hatchery  
  15  0:51  Drone  
  15  0:54  Drone  
  17  0:58  Drone  
  18  1:08  Extractor  
  17  1:13  Spawning Pool  
  17  1:17  Drone  
  17  1:20  Drone  
  18  1:27  Drone  
  19  1:40  Drone  
  20  1:49  Overlord  
  20  2:00  Queen x2  
  24  2:04  Drone  
  24  2:05  Drone  
  26  2:08  Metabolic Boost  
  26  2:11  Drone  
  26  2:12  Drone  
  28  2:22  Drone x2  
  30  2:32  Drone x2  
  32  2:39  Hatchery  
  31  2:44  Queen  
  31  2:50  Overlord  
  33  2:53  Drone  
  33  2:55  Drone  
  33  2:57  Overlord  
  35  3:08  Zergling x2  
  35  3:10  Zergling x10  
  35  3:12  Zergling x2  
  42  3:15  Zergling x2  
  42  3:19  Zergling x4  
  45  3:31  Zergling x2  
  45  3:32  Zergling x2, Roach Warren  
  46  3:45  Overlord  
  46  3:47  Drone  
  46  3:48  Overlord  
  46  3:59  Zergling x6  
  46  4:00  Overlord  
  49  4:11  Zergling x6  
  49  4:13  Zergling x2  
  49  4:14  Zergling x2  
  49  4:15  Roach x3  
  60  4:24  Roach x3  
  61  4:35  Roach x6  
  70  4:42  Overlord  
  70  4:50  Roach x2  
  74  4:54  Zergling x10  
  74  4:57  Zergling x2  
  80  5:04  Zergling x8  
  77  5:12  Zergling x6  
  77  5:17  Ravager  
  77  5:20  Overlord  
  77  5:21  Zergling x6  
  82  5:28  Zergling x6  
  82  5:33  Overlord  
  83  5:38  Zergling x2  
  84  5:44  Queen  
  84  5:45  Zergling x6  
  84  5:49  Zergling x4  
  77  5:52  Zergling x2  
  77  5:53  Zergling x2  
  77  5:56  Zergling x2  
  80  6:01  Ravager  
  80  6:03  Zergling x8  
  82  6:09  Zergling x6  
  64  6:15  Roach  
  52  6:21  Baneling Nest  
  52  6:22  Extractor  
  52  6:23  Zergling x6  
  53  6:28  Zergling x4  
  53  6:32  Zergling x4  
  48  6:37  Zergling x4  
  43  6:52  Zergling x12  
  48  6:56  Ravager  
  48  6:57  Zergling x2  
  48  6:58  Zergling x2  
  45  7:04  Baneling  
  45  7:05  Baneling x2, Zergling x4  
  44  7:13  Zergling x6  
  46  7:21  Zergling x6  
  49  7:29  Baneling x2, Zergling x6  
  50  7:40  Zergling x4  
  50  7:42  Zergling x6  
  50  7:44  Baneling  
  54  7:45  Baneling x3  
  54  7:51  Zergling x4  
  54  7:58  Baneling x7  
  56  8:01  Zergling x2  
  56  8:02  Zergling x2  
  58  8:09  Zergling x2  
  58  8:10  Zergling x4  
  59  8:16  Zergling x4  
Show
View Real Time Build Order
Export as new Build Order

Reynor Zerg - Winner!

Build Orders: Hatch First 

Get SALT Encoding   

  12  0:00  Drone  
  13  0:12  Overlord  
  13  0:16  Drone  
  14  0:30  Drone x2  
  14  0:34  Drone  
  17  0:51  Hatchery  
  17  0:54  Drone  
  17  0:58  Drone  
  18  1:08  Extractor  
  17  1:14  Spawning Pool  
  17  1:17  Drone  
  17  1:19  Drone  
  18  1:27  Drone  
  19  1:38  Drone  
  20  1:48  Overlord  
  20  1:59  Drone  
  21  2:03  Drone, Queen x2  
  26  2:09  Metabolic Boost  
  26  2:11  Drone  
  26  2:14  Drone  
  28  2:21  Drone  
  29  2:25  Drone  
  30  2:31  Evolution Chamber  
  29  2:38  Drone  
  29  2:43  Hatchery  
  29  2:49  Queen  
  31  2:54  Overlord  
  31  2:59  Zerg Melee Weapons Level 1  
  31  3:02  Drone  
  31  3:04  Drone  
  31  3:05  Zergling x2  
  34  3:09  Zergling x2  
  34  3:10  Drone  
  36  3:14  Drone  
  36  3:15  Zergling x2  
  36  3:19  Overlord  
  38  3:22  Zergling x2  
  38  3:26  Zergling x4  
  41  3:30  Overlord  
  41  3:33  Zergling x4  
  43  3:37  Zergling x2  
  45  3:41  Zergling x2  
  45  3:48  Zergling x6, Overlord  
  48  3:56  Zergling x4  
  48  4:00  Zergling x6  
  53  4:03  Zergling x2  
  53  4:05  Zergling x2  
  53  4:07  Zergling x2  
  56  4:12  Zergling x2  
  56  4:16  Zergling x4  
  59  4:23  Overlord  
  59  4:25  Zergling x2  
  59  4:27  Zergling x2  
  57  4:33  Zergling x2  
  57  4:36  Zergling x2  
  57  4:38  Zergling x4  
  57  4:39  Zergling x2  
  57  4:40  Zergling x2  
  57  4:41  Zergling x6  
  57  4:45  Zergling x6  
  65  4:52  Zergling x2  
  66  4:53  Overlord x2  
  66  4:58  Zerg Missile Weapons Level 1  
  66  5:04  Overlord  
  66  5:12  Zergling x4  
  66  5:13  Zergling x6  
  60  5:16  Drone x4  
  60  5:20  Zergling x8  
  60  5:21  Zergling x2  
  67  5:24  Zergling x2  
  67  5:29  Zergling x2  
  67  5:32  Zergling x4  
  70  5:41  Zergling x8  
  74  5:43  Zergling x4  
  66  5:52  Zergling x2  
  66  5:54  Zergling x4  
  66  5:56  Zergling x4  
  71  5:59  Zergling x6  
  71  6:00  Zergling x2  
  66  6:04  Zergling x2  
  66  6:07  Zergling x4  
  66  6:09  Zergling x6  
  67  6:16  Zergling x2  
  67  6:17  Zergling x2  
  67  6:19  Zergling x2  
  67  6:21  Roach Warren  
  67  6:26  Zergling x6  
  67  6:27  Zergling x2  
  67  6:29  Zergling x2  
  67  6:30  Zergling x2  
  62  6:38  Zergling x6  
  60  6:42  Zergling x6  
  60  6:48  Extractor  
  60  6:49  Zergling x2  
  60  6:51  Zergling x2  
  60  6:52  Zergling x2  
  60  6:55  Zergling x12  
  63  7:03  Zergling x2  
  63  7:05  Drone x2  
  66  7:13  Drone x2  
  66  7:15  Drone x3  
  71  7:19  Roach  
  73  7:25  Roach x3  
  78  7:32  Roach x2  
  78  7:36  Overlord  
  82  7:43  Roach x3  
  87  7:47  Drone x2  
  87  7:48  Drone  
  90  7:51  Overlord  
  90  7:55  Overlord  
  90  8:00  Drone x4  
  90  8:03  Roach  
  90  8:04  Roach  
  98  8:10  Roach x2  
  92  8:13  Roach  
  92  8:15  Zergling x4  
Tags
 
Add a new tag
Caveats
  • Supply blocks, unpowered buildings, or Contaminate may cause inaccurate times.
  • Supply counts are checked every 10 seconds.